cohdb
Replays
Latest Replays
All Replays
Popular Replays
Top Player Replays
Match Explorer
How It Works
Community
CoH3 Stats
Reddit
Sign in to upload your games and track your stats! →
Sign in with Steam
Match 43811688
Unlisted
Match 43811688
Overview
Messages
Build Orders
End
Construct Section Command Post
Vickers Machine Gun Team
Infantry Section
Infantry Section
Infantry Section
Grenade Package
Selects Air and Sea Battlegroup
Selects Air and Sea Battlegroup
Selects Supply Surplus
Construct Field Infirmary
Construct Platoon Command Post
Royal Engineer Section
6-pounder Anti-tank Gun Team
Forward Retreat Point
Selects Commando Section Paradrop
Selects M1 Pack Howitzer Paradrop
Infantry Training
YayShakeIt
ElderKaze
Vladimir Ilyich Ulyanov
Franklin Delano Roosevelt
Gwangju's Hero Chun Doo-gwang
Globalnaya
Silver
莫斯科没有眼泪
0
0
Comments
sign in to comment!
No comments posted yet!